 Dungeon Crawl Stone Soup version 0.23.2-40-g277498a001 (webtiles) character file.

Game seed: 18121970380440072482

151 KamiKatze the Shield-Bearer (level 4, -15/38 HPs)
             Began as a Demigod Fighter on Sept 28, 2019.
             Killed from afar by Ijyb (17 damage)
             ... with a wand of acid (6)
             ... on level 4 of the Dungeon.
             The game lasted 00:09:10 (2435 turns).

KamiKatze the Shield-Bearer (Demigod Fighter)       Turns: 2435, Time: 00:09:11

Health: -15/38     AC:  3    Str: 21    XL:     4   Next: 86%
Magic:  6/6        EV:  8    Int: 12    God:
Gold:   97         SH:  9    Dex: 15    Spells: 3/3 levels left

rFire    + . .     SeeInvis .   a - +0 war axe
rCold    . . .     Gourm    .   c - +0 shield
rNeg     . . .     Faith    .   b - +0 scale mail
rPois    .         Spirit   .   (no helmet)
rElec    .         Reflect  .   (no cloak)
rCorr    .         Harm     .   r - +0 pair of gloves
MR       .....                  (no boots)
Stlth    ..........             (no amulet)
HPRegen  0.12/turn              t - ring of attention (curse)
MPRegen  0.10/turn              (no ring)

@: corroded
A: talons 2, fire resistance 1, high mp 1, screaming 1
a: no special abilities


You were on level 4 of the Dungeon.
You were not hungry.

You visited 1 branch of the dungeon, and saw 4 of its levels.

You collected 97 gold pieces.

Inventory:

Hand Weapons
 a - a +0 war axe (weapon)
 u - a +0 hunting sling
Missiles
 l - 8 poisoned needles
 n - 66 stones (quivered)
 w - 20 sling bullets
Armour
 b - a +0 scale mail (worn)
 c - a +0 shield (worn)
 r - a +0 pair of gloves (worn)
 v - a +0 chain mail
Jewellery
 t - a cursed ring of attention (left hand)
Scrolls
 m - a scroll of remove curse {unknown}
 o - a scroll of enchant weapon {unknown}
 p - a scroll of teleportation {unknown}
 q - a scroll of enchant armour {unknown}
Potions
 d - a potion of might
 h - a potion of degeneration {unknown}
 i - 2 potions of haste
 j - 2 potions of curing {unknown}
 k - 2 potions of cancellation
 s - a potion of ambrosia {unknown}
Comestibles
 f - 7 rations
 g - a chunk of flesh


   Skills:
 + Level 3.3 Fighting
 * Level 3.2 Axes
 - Level 2.6 Armour
 - Level 2.0 Dodging
 + Level 3.3 Shields


You had 3 spell levels left.
You didn't know any spells.
Your spell library was empty.

Dungeon Overview and Level Annotations

Branches:
Dungeon (4/15)
 Temple: D:4-7

Annotations:
D:4 Ijyb


Innate Abilities, Weirdness & Mutations

You have an increased reservoir of magic. (+10% MP)
You have razor-sharp toenails.
Your flesh is heat resistant. (rF+)
You occasionally shout uncontrollably at your foes.


Message History

* * * LOW HITPOINT WARNING * * *
Ijyb hits you with a +0 club.
* * * LOW HITPOINT WARNING * * *
Your shield and scale mail prevent you from hitting Ijyb.
Your kick misses Ijyb.
Ijyb is lightly wounded.
You block Ijyb's attack.
You hit Ijyb but do no damage. You claw Ijyb!
Ijyb is moderately wounded.
Ijyb hits you with a +0 club.
* * * LOW HITPOINT WARNING * * *
Ijyb hits you but does no damage. x2
You hit Ijyb but do no damage.
Ijyb is moderately wounded.
You block Ijyb's attack. Ijyb hits you with a +0 club.
* * * LOW HITPOINT WARNING * * *
You hit Ijyb but do no damage. You claw Ijyb, but do no damage.
Ijyb is moderately wounded.
Ijyb zaps a wand.
The bolt of acid hits you!
You die...

#.##### #.##.. ..
#.##.. ..# #.##.. ...
#.##.# #.## #.##.#
#.. #.##.# ..#
####.#.##.#######.##
..........@g........#
#####.#.##.#.###.#.##
#.#.##.#.###.#.# #
#.##.#...#.#.#
#.##.###.#.#.######
.............g......
..##.###.#.###......
.. #.# #.#.# ...../
..#.# .....


You could see Ijyb.

Vanquished Creatures
  Jessica (D:2)
  An orc wizard (D:4)
  A gnoll (D:1)
  4 adders (D:3)
  2 dart slugs
  5 orcs
  9 bats
  A giant cockroach (D:2)
  3 goblins
  4 hobgoblins
  2 jackals (D:2)
  A ball python (D:3)
  4 frilled lizards
  6 kobolds
  4 rats
48 creatures vanquished.

Notes
Turn   | Place    | Note
-------+----------+-------------------------------------------
     0 | D:1      | KamiKatze the Demigod Fighter began the quest for the Orb.
     0 | D:1      | Reached XP level 1. HP: 18/18 MP: 3/3
   460 | D:2      | Noticed Jessica
   492 | D:2      | Killed Jessica
   492 | D:2      | Reached skill level 1 in Dodging
   492 | D:2      | Reached XP level 2. HP: 18/25 MP: 4/4
   522 | D:2      | Reached XP level 3. HP: 25/30 MP: 5/5
   625 | D:2      | Found a bloodstained altar of Trog.
  1470 | D:3      | Reached XP level 4. HP: 38/38 MP: 6/6
  2412 | D:4      | Noticed Ijyb
  2431 | D:4      | Gained mutation: You have sharp toenails. [potion of
                  | mutation]
  2431 | D:4      | Gained mutation: Your flesh is heat resistant. (rF+)
                  | [potion of mutation]
  2431 | D:4      | Gained mutation: You occasionally shout uncontrollably at
                  | your foes. [potion of mutation]
  2431 | D:4      | Gained mutation: You have razor-sharp toenails. [potion of
                  | mutation]
  2435 | D:4      | Killed from afar by Ijyb

Skill      XL: |  1  2  3  4 |
---------------+-------------+-----
Axes           | 2 3 |  3.2
Dodging        | 1 2 |  2.0
Shields        | 3 |  3.3
Fighting       | 3 |  3.3
Armour         | |  2.6

Action                   |  1- 3 |  4- 6 || total
-------------------------+-------+-------++-------
Melee: War axe           |   115 |    81 ||   196
       Kick              |       |     2 ||     2
Throw: Stone             |       |     7 ||     7
  Use: Scroll            |       |     2 ||     2
       Potion            |       |     1 ||     1
  Eat: Chunk             |     2 |     3 ||     5
Armor: Scale mail        |    65 |    35 ||   100
Dodge: Dodged            |    39 |    28 ||    67
Block: Shield            |    78 |    40 ||   118
